 Dungeon Crawl Stone Soup version 0.31.0-11-ge490571c62 (webtiles) character file.

Game seed: 10397092739093733910

844 qw the Shooter (level 7, 0/35 HPs)
             Began as a Spriggan Hunter on Feb 4, 2024.
             Was a Believer of Okawaru.
             Incinerated by a bombardier beetle (3 damage)
             ... with a burning spray
             ... on level 5 of the Dungeon.
             The game lasted 00:00:13 (2885 turns).

qw the Shooter (Spriggan Hunter)                    Turns: 2885, Time: 00:00:13

Health: 0/35       AC:  2    Str:  7    XL:     7   Next: 68%
Magic:  11/11      EV: 21    Int: 11    God:    Okawaru [**....]
Gold:   316        SH:  0    Dex: 20    Spells: 6/6 levels left

rFire   . . .        a - +1 shortbow (heavy)
rCold   . . .        (shield currently unavailable)
rNeg    . . .        c - +0 robe
rPois   .            (helmet restricted)
rElec   .            (no cloak)
rCorr   .            (gloves unavailable)
SInv    +            (boots unavailable)
Will    +....        g - amulet of regeneration
Stlth   +            (no ring)
HPRegen 1.05/turn    (no ring)
MPRegen 0.12/turn

%: no passive effects
@: on fire, glowing, very quick
A: very small, no large weapons, unfitting armour, see invisible, speed 3
a: Renounce Religion, Heroism


You were on level 5 of the Dungeon.
You worshipped Okawaru.
Okawaru was pleased with you.
You visited 2 branches of the dungeon, and saw 6 of its levels.

You collected 316 gold pieces.


Innate Abilities, Weirdness & Mutations

You are very small and have problems with some larger weapons.
You are too small for most types of armour.
You have supernaturally acute eyesight. (SInv)
You cover ground extremely quickly. (Speed+++)


   Skills:
 - Level 2.0 Fighting
 - Level 7.1 Ranged Weapons
 + Level 6.4 Dodging
 - Level 1.5 Stealth
 - Level 4.0 Invocations


You had 6 spell levels left.
You didn't know any spells.
Your spell library was empty.

Inventory:

Hand Weapons
 a - a +1 heavy shortbow (weapon)
Armour
 c - a +0 robe (worn)
Jewellery
 g - an amulet of regeneration (around neck)
Scrolls
 e - 2 scrolls of brand weapon
 h - a scroll of identify
Potions
 b - a potion of might
 d - a potion of enlightenment
 f - a potion of mutation
 i - 3 potions of curing {unknown}
 j - a potion of haste {unknown}
 k - a potion of heal wounds {unknown}

Dungeon Overview and Level Annotations

Branches:
Dungeon (5/15)             Temple (1/1) D:4

Altars:
Ashenzari
Cheibriados
Elyvilon
Fedhas
Hepliaklqana
Nemelex Xobeh
Okawaru
Qazlal
Ru
Sif Muna
Trog
Vehumet
The Shining One


Message History

Your Invocations skill increases to level 4!
You shoot an arrow.
The arrow barely misses the bombardier beetle.
You shoot an arrow. The arrow hits the bombardier beetle.
The bombardier beetle is lightly wounded.
The bombardier beetle completely misses you.
You shoot an arrow. The arrow hits the bombardier beetle!
The bombardier beetle is severely wounded.
The bombardier beetle sprays incendiary fluid at you.
The burning spray hits you.
You are covered in liquid fire!
You shoot an arrow.
The arrow barely misses the bombardier beetle.
The liquid fire burns you! The bombardier beetle bites you.
You shoot an arrow. The arrow hits the bombardier beetle!
You kill the bombardier beetle!
Okawaru accepts your kill. The liquid fire burns you!
You are on fire!
The liquid fire burns you!
You are on fire!
The liquid fire burns you!
You are on fire!
The liquid fire burns you!
You are on fire!
The liquid fire burns you!
You are on fire!
The liquid fire burns you!
You are on fire!
The liquid fire burns you!
You are on fire!
The liquid fire burns you!
You are on fire!
The liquid fire burns you!
You are on fire!
The liquid fire burns you!
You are on fire!
The liquid fire burns you!
You die...

......# ##.##.....##
.....##
##..#####..#########
.....#
#..................
.....#
##.......#.......#..
....## #
#.....#......#......
....####.#
##...#.....#.....#..
#..#......
....#....#..).#....#
##........
##...#...#...#...#..
#.........
#..@#..#..#..# .#..
#.#.......
##%#.#.#.#.#.# #. .#
#.##...^..
#.##.##.##.## ## #
..# ...... ##
###.###.# .####.....
##.#### ..........
### ..........
.......... ...####.


There were no monsters in sight!

Vanquished Creatures
  A water moccasin (D:5)
  2 ogres
  A phantom (D:5)
  3 scorpions
  A bombardier beetle (D:5)
  A hound (D:5)
  A jelly (D:5)
  A sleepcap (D:4)
  11 adders
  A white imp (D:4)
  A dart slug (D:3)
  A ribbon worm (D:4)
  5 orcs
  16 ball pythons
  6 endoplasms
  A giant cockroach (D:1)
  6 goblins
  8 hobgoblins
  3 jackals (D:2)
  7 kobolds
  6 quokkas
  5 bats
  A frilled lizard (D:3)
  3 goblin zombies (D:4)
  A hobgoblin zombie (D:4)
  A kobold skeleton (D:4)
  2 kobold zombies (D:4)
  2 orc skeletons (D:4)
  An orc zombie (D:4)
  3 rats
102 creatures vanquished.

Notes
Turn   | Place    | Note
-------+----------+-------------------------------------------
     0 | D:1      | qw the Spriggan Hunter began the quest for the Orb.
     0 | D:1      | Reached XP level 1. HP: 10/10 MP: 2/2
     0 | D:1      | 0 ||| qw: Version: 0.3-a-160-g6735b56
     0 | D:1      | 0 ||| qw: Game counter: 5174
     0 | D:1      | 0 ||| qw: Melee chars always use a shield: true
     0 | D:1      | 0 ||| qw: God list: Okawaru
     0 | D:1      | 0 ||| qw: Allow faded altars: false
     0 | D:1      | 0 ||| qw: Do Orc after clearing Dungeon:15 true
     0 | D:1      | 0 ||| qw: Do second Lair branch before Depths: true
     0 | D:1      | 0 ||| qw: Lair rune preference: random
     0 | D:1      | 0 ||| qw: Goals: Normal
     0 | D:1      | 0 ||| PLANNING D:1-11
    29 | D:1      | Reached skill level 3 in Dodging
    80 | D:1      | Reached XP level 2. HP: 14/14 MP: 3/3
   196 | D:1      | Found a faded altar of an unknown god.
   586 | D:1      | Reached XP level 3. HP: 18/18 MP: 4/4
   724 | D:1      | 724 ||| DROPPING scarf of shadows.
   725 | D:1      | 725 ||| READING scroll labelled NOHOSU MIAROI.
   725 | D:1      | 725 ||| ENCHANTING +0 shortbow.
   726 | D:1      | 726 ||| DROPPING scroll of butterflies.
   921 | D:2      | Reached skill level 5 in Ranged Weapons
   976 | D:2      | Reached XP level 4. HP: 22/22 MP: 5/5
  1292 | D:2      | 1292 ||| READING scroll labelled SERGHE IC ZYERCH.
  1293 | D:2      | 1293 ||| READING 2 scrolls labelled JOOQU XAJUSMEO.
  1294 | D:2      | 1294 ||| READING scroll labelled RYFIGIPPIX.
  1295 | D:2      | 1295 ||| DRINKING 2 brown potions.
  1296 | D:2      | 1296 ||| DROPPING potion of degeneration.
  1297 | D:2      | 1297 ||| DROPPING scroll of immolation.
  1484 | D:3      | Found a stormy altar of Qazlal.
  1864 | D:3      | Found a sparkling altar of Nemelex Xobeh.
  1865 | D:3      | Found a snail-covered altar of Cheibriados.
  1867 | D:3      | Found a bloodstained altar of Trog.
  1880 | D:3      | 1880 ||| READING 4 scrolls labelled OSTENO KIKEPI.
  1880 | D:3      | 1880 ||| IDENTIFYING sapphire potion
  1881 | D:3      | 1881 ||| READING 3 scrolls of identify.
  1881 | D:3      | 1881 ||| IDENTIFYING dark potion
  1882 | D:3      | 1882 ||| READING 2 scrolls of identify.
  1882 | D:3      | 1882 ||| IDENTIFYING sedimented white potion
  1883 | D:3      | 1883 ||| READING scroll of identify.
  1883 | D:3      | 1883 ||| IDENTIFYING bubbling clear potion
  1884 | D:3      | 1884 ||| READING scroll labelled APAZXO OSAR.
  1885 | D:3      | 1885 ||| READING scroll labelled MITTIMPE XYAKE.
  1889 | D:3      | 1889 ||| DROPPING potion of lignification.
  1890 | D:3      | 1890 ||| DROPPING potion of ambrosia.
  1908 | D:4      | Found a blossoming altar of Fedhas.
  1974 | D:4      | Found a staircase to the Ecumenical Temple.
  1975 | D:4      | 1975 ||| PLANNING TEMPLE
  1975 | D:4      | 1975 ||| UPGRADING to amulet of regeneration.
  1980 | D:4      | 1980 ||| READING scroll labelled UWNY ARYUNER.
  1980 | D:4      | 1980 ||| ENCHANTING +1 shortbow.
  1989 | Temple   | Entered the Ecumenical Temple
  1990 | Temple   | 1990 ||| PLANNING OKAWARU WORSHIP
  2014 | Temple   | Became a worshipper of Warmaster Okawaru
  2015 | Temple   | 2015 ||| PLANNING D:1-11
  2086 | D:4      | Reached XP level 5. HP: 26/26 MP: 6/6
  2291 | D:4      | Noticed an ogre
  2298 | D:4      | Killed an ogre
  2299 | D:4      | Reached skill level 6 in Ranged Weapons
  2333 | D:4      | Reached * piety under Okawaru
  2397 | D:4      | Reached XP level 6. HP: 30/30 MP: 7/7
  2424 | D:4      | Found a glowing golden altar of the Shining One.
  2518 | D:4      | Reached skill level 1 in Invocations
  2613 | D:4      | 2613 ||| READING scroll of identify.
  2613 | D:4      | 2613 ||| IDENTIFYING fizzy green potion
  2614 | D:4      | 2614 ||| READING 2 scrolls labelled AHOCRO JUNK.
  2614 | D:4      | 2614 ||| BRANDING +1 shortbow.
  2631 | D:5      | Entered Level 5 of the Dungeon
  2661 | D:5      | Reached skill level 6 in Dodging
  2694 | D:5      | Reached XP level 7. HP: 35/35 MP: 8/10
  2736 | D:5      | Reached ** piety under Okawaru
  2737 | D:5      | Reached skill level 3 in Invocations
  2871 | D:5      | Reached skill level 7 in Ranged Weapons
  2882 | D:5      | HP: 7/35 [burnt (3)]
  2884 | D:5      | HP: 2/35 [burnt (3)]
  2885 | D:5      | Incinerated by a bombardier beetle

Levels and vault maps discovered:
D:1:      moated_graveyard_arrival, layout_loops_ring,
          dreamdust_ecumenical_altar_statues
D:2:      layout_loops_cross, chequers_garden
D:3:      layout_loops_ring, mainiacjoe_overflow_alcove_4,
          chequers_temple_overflow_statue_of_worship
D:4:      layout_basic, nicolae_tso_besieged_by_evil, fedhas_ov_isle_minmay,
          minmay_temple_entry_junction, corner_web_ring, minmay_misc_feat_tower
D:5:      layout_cave_pods, minmay_increasing_density, uniq_eustachio
Temple:   hellmonk_temple_beads

Skill      XL: |  1  2  3  4  5  6  7 |
---------------+----------------------+-----
Dodging        | 3 4 5 6 |  6.4
Ranged Weapons | 5 6 7 |  7.1
Fighting       | 2 |  2.0
Invocations    | 2 4 |  4.0
Stealth        | |  1.5

Action                     |  1- 3 |  4- 6 |  7- 9 || total
---------------------------+-------+-------+-------++-------
   Fire: Shortbow          |    93 |   191 |    28 ||   312
    Use: Scroll            |     1 |    12 |       ||    13
         Potion            |       |     1 |       ||     1
 Armour: Robe              |     5 |    13 |     2 ||    20
  Dodge: Dodged            |    18 |    71 |    23 ||   112

Table legend:
 A = Non-vault XP
 B = Vault XP
 C = Vault XP percentage of total XP
 D = Non-vault monster count
 E = Vault monster count
 F = Vault count percentage of total count
                 A         B        C        D         E       F
            +---------+---------+-------+---------+---------+-------
      Total |     876 |     331 |  27.4 |      88 |      14 |  13.7
            +---------+---------+-------+---------+---------+-------
        D:1 |      48 |       0 |   0.0 |      28 |       0 |   0.0
        D:2 |      79 |       0 |   0.0 |      19 |       0 |   0.0
        D:3 |      45 |       0 |   0.0 |      12 |       0 |   0.0
        D:4 |     307 |      20 |   6.1 |      21 |      11 |  34.4
        D:5 |     397 |     311 |  43.9 |       8 |       3 |  27.3
            +---------+---------+-------+---------+---------+-------
